 Dungeon Crawl Stone Soup version 0.24.0-28-g17ded55e90 (webtiles) character file.

Game seed: 5105443735986080377, levelgen mode: deterministic

20985 Arum the Carver (level 12, -2/81 HPs)
             Began as a Tengu Gladiator on Nov 11, 2019.
             Was the Champion of Okawaru.
             Slain by an orc warrior
             ... wielding a +0 glaive
              (18 damage)
             ... on level 12 of the Dungeon.
             The game lasted 00:25:03 (12252 turns).

Arum the Carver (Tengu Gladiator)                  Turns: 12252, Time: 00:25:04

Health: -2/81      AC: 29    Str: 18    XL:     12   Next: 85%
Magic:  0/13       EV:  6    Int: 10    God:    Okawaru [******]
Gold:   593        SH:  7    Dex: 19    Spells: 11/11 levels left

rFire    + . .     SeeInvis +   V - +7 double sword "Dymaad" {slice, SInv}
rCold    + . .     Gourm    .   v - +1 buckler
rNeg     . . .     Faith    .   q - +9 scales of the Dragon King {rPois rF+ rC+ MR+}
rPois    +         Spirit   +   c - +0 hat
rElec    .         Reflect  .   j - +0 cloak
rCorr    .         Harm     .   w - +0 pair of gloves
MR       +....                  (boots unavailable)
Stlth    ..........             h - amulet of guardian spirit
HPRegen  0.23/turn              s - ring of poison resistance
MPRegen  0.13/turn              o - +3 ring of strength

@: flying quickly and evasively, quick
A: beak, talons 3, able to fly
a: Stop Flying, Heroism, Finesse, Renounce Religion


You were on level 12 of the Dungeon.
You worshipped Okawaru.
Okawaru was exalted by your worship.
You were not hungry.

You visited 1 branch of the dungeon, and saw 12 of its levels.
You also visited: Ossuary.

You collected 593 gold pieces.

Inventory:

Hand Weapons
 a - a +1 long sword
 V - the +7 double sword "Dymaad" (weapon) {slice, SInv}
   (Okawaru gifted it to you on level 11 of the Dungeon)

   It inflicts extra damage upon your enemies.
   It lets you see invisible.
Missiles
 d - 3 throwing nets
 z - 50 poisoned darts (quivered)
 D - 8 javelins
 Q - 12 silver javelins
Armour
 c - a +0 hat (worn)
 j - a +0 cloak (worn)
 q - the +9 scales of the Dragon King (worn) {rPois rF+ rC+ MR+}
   (You took it off a crimson imp on level 4 of the Dungeon)

   It protects you from fire.
   It protects you from cold.
   It protects you from poison.
   It affects your resistance to hostile enchantments.
 u - a +2 ring mail of magic resistance
 v - a +1 buckler (worn)
 w - a +0 pair of gloves (worn)
 F - the +1 leather armour of Vehumet's Reproof {*Drain rPois MR- Dex+5}
   (You found it on level 8 of the Dungeon)

   It affects your dexterity (+5).
   It protects you from poison.
   It affects your resistance to hostile enchantments.
   It causes draining when unequipped.
Jewellery
 h - an amulet of guardian spirit (around neck)
 o - a +3 ring of strength (right hand)
 p - an uncursed ring of resist corrosion
 s - a ring of poison resistance (left hand)
Wands
 y - a wand of iceblast (16)
 B - a wand of acid (9)
 O - a wand of flame (14)
 R - a wand of random effects (4)
Scrolls
 b - 2 scrolls of amnesia
 e - 6 scrolls of teleportation
 g - 9 scrolls of remove curse
 m - 4 scrolls of fear
 A - 3 scrolls of immolation
 E - 4 scrolls of enchant armour
Potions
 i - 6 potions of curing
 r - 2 potions of agility
 t - 2 potions of lignification
 x - 2 potions of might
 C - a potion of cancellation
 G - a potion of heal wounds
 I - 2 potions of haste
 J - a potion of brilliance
 U - a potion of ambrosia
 X - a potion of magic
Comestibles
 f - 19 rations
 k - 3 chunks of flesh


   Skills:
 + Level 12.0 Fighting
 + Level 13.1 Long Blades
 - Level 6.0 Throwing
 - Level 10.0 Armour
 + Level 6.1 Dodging
 - Level 4.0 Shields


You had 11 spell levels left.
You didn't know any spells.
Your spell library contained the following spells:

 Spells                   Type           Power        Failure   Level  Hunger
 Animate Skeleton         Necr           N/A          100%        1    ##.....
 Apportation              Tloc           #.....       100%        1    ##.....
 Beastly Appendage        Tmut           #.....       100%        1    ##.....
 Confusing Touch          Hex            #.....       100%        1    ##.....
 Freeze                   Ice            #...         100%        1    ##.....
 Summon Small Mammal      Summ           #...         100%        1    ##.....
 Sticks to Snakes         Tmut           #.......     100%        2    ###....
 Throw Frost              Conj/Ice       #.....       100%        2    ###....
 Ozocubu's Armour         Chrm/Ice       #.......     100%        3    ####...
 Spider Form              Tmut/Pois      #.........   100%        3    ####...
 Ice Form                 Ice/Tmut       #.......     100%        4    #####..
 Summon Ice Beast         Ice/Summ       #.......     100%        4    #####..
 Throw Icicle             Conj/Ice       #.......     100%        4    #####..
 Blade Hands              Tmut           #.........   100%        5    ######.
 Bolt of Magma            Conj/Fire/Erth #.........   100%        5    ######.
 Iskenderun's Battlesphe  Conj/Chrm      #.......     100%        5    ######.
 Venom Bolt               Conj/Pois      #.........   100%        5    ######.
 Iron Shot                Conj/Erth      #.........   100%        6    #######
 Orb of Destruction       Conj           #.........   100%        7    #######
 Spellforged Servitor     Conj/Summ      #.........   100%        7    #######


Dungeon Overview and Level Annotations

Branches:
Dungeon (12/15)            Temple (0/1) D:5            Lair (0/6) D:11
    Orc (0/2) D:12        Ossuary (visited)

Altars:
Ashenzari
Elyvilon
Fedhas
Kikubaaqudgha
Okawaru
Qazlal
Ru
Trog
Uskayaw
The Shining One
Beogh

Shops:
D:6 %

Annotations:
D:6 2 transporters


Innate Abilities, Weirdness & Mutations

You have a beak for a mouth.
You have claws for feet.
You can fly continuously.


Message History

Your scales of the Dragon King prevents you from hitting the orc warrior.
You claw the orc warrior, but do no damage.
The orc warrior is almost dead.
The orc warrior hits you with a +0 battleaxe.
The orc warrior completely misses you.
You slice the orc warrior!!
You kill the orc warrior!
Okawaru accepts your kill.
The orc warrior hits you with a +0 halberd!
The orc warrior hits you with a +0 battleaxe!
* * * LOW HITPOINT WARNING * * *
The orc hits you but does no damage.
The orc warrior hits you with a +0 glaive.
* * * LOW HITPOINT WARNING * * *
Items here: )) [[ † a +0 battleaxe; a +0 plate armour; a +0 mace; a +0 chain mail; an orc corpse The orc warrior hits you but does no damage.
The orc priest looks satisfied for a moment.
The orc warrior hits you from afar with a +0 glaive!!
You die...

######## #......#
###############
#......#
..$..#.......#.
#......#
o....#.......#.
#......#
###oo...#.......#.
#......#
#)oooo..#.......#.
#......#
#@#)oo..#.......#.
#......#
#)#oo...#.......#.
#......#
#.#######.......#.
######......##
#.#######..(.####.
.#...##......#
#.......#'#######[
.#....#......#
###.....#.....#...
.#....#......#
#.....#.....#...
.'....#......#
#.....#.....#...
.#....#......#
#.....'.....#...


You could see 3 orc warriors, an orc priest and 3 orcs.

Vanquished Creatures
  Snorg (D:10)
  Josephine (D:11)
  5 two-headed ogres
  An unseen horror (D:10)
  An orc knight (D:12)
  A manticore (D:12)
  2 cyclopes (D:11)
  Psyche (D:10)
  A gargoyle (D:10)
  A centaur skeleton (D:11)
  A troll (D:11)
  A hornet (D:12)
  4 slime creatures (D:12)
  4 hippogriffs
  6 wraiths (D:11)
  A vampire (D:11)
  Eustachio (D:6)
  2 wyverns
  16 yaks
  Menkaure (D:6)
  An acid dragon (D:12)
  A soldier ant (D:12)
  2 porcupines (D:11)
  A water moccasin (D:10)
  2 sky beasts
  11 orc warriors
  3 phantoms
  An ice beast (D:8)
  2 black bears
  2 necrophages
  7 ogres
  A centaur (D:10)
  2 crocodiles
  13 bullfrogs
  A gnoll sergeant (D:8)
  10 scorpions
  4 killer bees (D:11)
  6 wights (D:7)
  An electric eel (D:11)
  3 howler monkeys
  4 centaur zombies
  2 bullfrog zombies
  5 crimson imps
  10 hounds
  A human zombie (Ossuary)
  A quasit (D:9)
  A bullfrog skeleton (D:4)
  3 jellies
  7 orc priests
  Crazy Yiuf (D:2)
  9 iguanas
  8 orc wizards
  15 worker ants
  2 big kobold zombies (Ossuary)
  2 hound zombies
  2 hound skeletons
  3 mummies (Ossuary)
  7 gnolls
  A howler monkey zombie (D:10)
  A worker ant zombie (D:7)
  4 scorpion zombies (Ossuary)
  18 adders
  7 shadow imps
  4 oozes
  2 adder skeletons
  6 worms
  4 dart slugs
  5 leopard geckos
  52 orcs
  3 giant cockroaches
  3 gnoll zombies (Ossuary)
  7 goblins
  5 hobgoblins
  12 jackals
  7 kobolds
  5 quokkas
  A ball python (D:4)
  8 bats
  6 frilled lizards
  4 hobgoblin zombies (Ossuary)
  2 orc zombies (Ossuary)
  A quokka zombie (D:8)
  10 rats
  2 fungi
389 creatures vanquished.

Vanquished Creatures (collateral kills)
  An adder (D:12)
  2 orcs (D:12)
3 creatures vanquished.

Vanquished Creatures (others)
  An orc wizard (D:9)
  26 fungi (D:11)
  18 plants (D:11)
45 creatures vanquished.

Grand Total: 437 creatures vanquished

Notes
Turn   | Place    | Note
-------+----------+-------------------------------------------
     0 | D:1      | Arum the Tengu Gladiator began the quest for the Orb.
     0 | D:1      | Reached XP level 1. HP: 12/12 MP: 2/2
   426 | D:1      | Reached XP level 2. HP: 17/17 MP: 3/3
  1027 | D:2      | Reached XP level 3. HP: 18/22 MP: 4/4
  1083 | D:2      | Reached skill level 4 in Long Blades
  1083 | D:2      | Reached XP level 4. HP: 25/27 MP: 5/5
  1782 | D:2      | Gained mutation: You can fly continuously. [Tengu growth]
  1782 | D:2      | Reached XP level 5. HP: 27/32 MP: 4/6
  1967 | D:2      | Found a runed translucent door.
  1968 | D:2      | Noticed Crazy Yiuf
  1979 | D:2      | Killed Crazy Yiuf
  2128 | D:3      | Found a white marble altar of Elyvilon.
  2599 | D:3      | Reached XP level 6. HP: 38/38 MP: 7/7
  2779 | D:4      | Reached skill level 5 in Long Blades
  2779 | D:4      | Reached skill level 5 in Dodging
  3219 | D:4      | Reached skill level 1 in Armour
  3239 | D:4      | Reached XP level 7. HP: 32/44 MP: 4/8
  3618 | D:4      | Reached skill level 5 in Fighting
  3618 | D:4      | Reached skill level 6 in Long Blades
  3618 | D:4      | Reached skill level 1 in Shields
  3755 | D:5      | Entered Level 5 of the Dungeon
  3789 | D:5      | Reached XP level 8. HP: 35/49 MP: 7/9
  4206 | D:5      | Found a hide-covered altar of Uskayaw.
  4215 | D:5      | Found an iron altar of Okawaru.
  4227 | D:5      | Found a sacrificial altar of Ru.
  4236 | D:5      | Became a worshipper of Warmaster Okawaru
  4330 | D:5      | Got a distressingly furry robe
  4331 | D:5      | Identified the +1 robe of the Abyss {rC+ MR+ rCorr} (You
                  | found it on level 5 of the Dungeon)
  4386 | D:5      | Found a stormy altar of Qazlal.
  4390 | D:5      | Found a blossoming altar of Fedhas.
  4455 | D:5      | Got a blackened dagger
  4477 | D:5      | Found a staircase to the Ecumenical Temple.
  4481 | D:5      | Identified the +4 dagger of Bodily Harmony {pierce, rC+}
                  | (You found it on level 5 of the Dungeon)
  5005 | D:6      | Reached skill level 7 in Long Blades
  5073 | D:6      | Found a transporter.
  5076 | D:6      | Noticed Eustachio
  5174 | D:6      | Killed Eustachio
  5174 | D:6      | Reached * piety under Okawaru
  5174 | D:6      | Reached XP level 9. HP: 30/56 MP: 10/10
  5322 | D:6      | Noticed Menkaure
  5329 | D:6      | Noticed a kobold demonologist
  5336 | D:6      | Killed Menkaure
  5336 | D:6      | Reached skill level 8 in Long Blades
  5419 | D:6      | Found a transporter.
  5437 | D:6      | Found Qioblono's Food Shop.
  5510 | D:6      | Found a glowing golden altar of the Shining One.
  5636 | D:6      | Noticed a kobold demonologist
  6181 | D:7      | Found an ancient bone altar of Kikubaaqudgha.
  6185 | D:7      | Found a bloodstained altar of Trog.
  6187 | D:7      | Found a shattered altar of Ashenzari.
  6429 | D:8      | Reached ** piety under Okawaru
  6454 | D:8      | Reached skill level 9 in Long Blades
  6458 | D:8      | Noticed a two-headed ogre
  6470 | D:8      | Killed a two-headed ogre
  6470 | D:8      | Reached skill level 5 in Armour
  6470 | D:8      | Reached XP level 10. HP: 14/65 MP: 3/11
  6670 | D:8      | Found a sand-covered staircase.
  6671 | D:8      | Noticed a two-headed ogre
  6673 | D:8      | Got a crude leather armour
  6697 | D:8      | Killed a two-headed ogre
  6697 | D:8      | Reached *** piety under Okawaru
  6728 | Ossuary  | Entered an ossuary
  6729 | Ossuary  | Identified the +1 leather armour of Vehumet's Reproof
                  | {*Drain rPois MR- Dex+5} (You found it on level 8 of the
                  | Dungeon)
  6934 | Ossuary  | Reached skill level 10 in Long Blades
  7099 | Ossuary  | Received a gift from Okawaru
  7778 | D:9      | Noticed a two-headed ogre
  7787 | D:9      | Killed a two-headed ogre
  7787 | D:9      | Reached **** piety under Okawaru
  7830 | D:9      | Noticed a two-headed ogre
  7856 | D:9      | Killed a two-headed ogre
  7856 | D:9      | Reached XP level 11. HP: 69/72 MP: 10/12
  7866 | D:9      | Reached skill level 11 in Long Blades
  7876 | D:9      | Reached skill level 10 in Fighting
  8156 | D:9      | Reached ***** piety under Okawaru
  8565 | D:10     | Entered Level 10 of the Dungeon
  8727 | D:10     | Noticed Snorg
  8759 | D:10     | Killed Snorg
  9002 | D:10     | Noticed a two-headed ogre
  9017 | D:10     | Killed a two-headed ogre
  9322 | D:10     | Killed an unseen horror
  9497 | D:10     | Noticed Psyche
  9524 | D:10     | Killed Psyche
  9862 | D:11     | Found a blossoming altar of Fedhas.
  9864 | D:11     | Noticed Josephine
  9886 | D:11     | Killed Josephine
  9886 | D:11     | Reached skill level 12 in Long Blades
  9894 | D:11     | Received a gift from Okawaru
  9901 | D:11     | Reached XP level 12. HP: 25/80 MP: 5/13
  9933 | D:11     | Reached skill level 10 in Armour
 10206 | D:11     | Received a gift from Okawaru
 10220 | D:11     | Got an ancient double sword {god gift}
 10221 | D:11     | Identified the +7 double sword "Dymaad" {slice, SInv}
                  | (Okawaru gifted it to you on level 11 of the Dungeon)
 10594 | D:11     | Found a staircase to the Lair.
 10597 | D:11     | Reached ****** piety under Okawaru
 10765 | D:11     | Reached skill level 5 in Throwing
 11193 | D:12     | Received a gift from Okawaru
 11451 | D:12     | Found a roughly hewn altar of Beogh.
 11451 | D:12     | Found a staircase to the Orcish Mines.
 11667 | D:12     | Reached skill level 13 in Long Blades
 11670 | D:12     | Received a gift from Okawaru
 12252 | D:12     | Slain by an orc warrior

Levels and vault maps discovered:
D:1:      nzn_arrival_water_spiral, layout_basic
D:2:      layout_basic, uniq_crazy_yiuf_cottage
D:3:      layout_basic, minivault_5, elyvilon_altar_1
D:4:      cheibrodos_old_hovel, layout_loops_cross
D:5:      layout_basic, grunt_temple_overflow_forces_of_nature,
          minmay_overflow_temple_star_quad, minmay_temple_entry_fiery,
          first_ration
D:6:      gammafunk_wand_slinger, layout_cave_pools, tso_metal_star,
          serial_shops, shop, uniq_menkaure, uniq_eustachio
D:7:      layout_gridville, grunt_temple_overflow_open
D:8:      layout_basic, nicolae_ossuary_entry_monument, grunt_pizzeria
D:9:      layout_small_grid
D:10:     layout_loops_cross, uniq_snorg, uniq_psyche
D:11:     layout_rooms, due_lair_maze_entry_diamond, basic_altar, serial_bayou,
          serial_bayou_crossing, serial_bayou_pond_c, serial_bayou_pond_c,
          serial_bayou_pond_e, hangedman_decor_lopped, uniq_josephine
D:12:     layout_gridville, david_orc_5, special_room [special_room_orc],
          chequers_serial_rivers_room_a

Skill      XL: |  1  2  3  4  5  6  7  8  9 10 11 12 |
---------------+-------------------------------------+-----
Long Blades    | 4 5 6 7 9 10 12 13 | 13.1
Dodging        | 4 5 6 |  6.1
Fighting       | 3 4 5 6 8 9 11 12 | 12.0
Armour         | 2 3 5 8 9 10 | 10.0
Shields        | 2 4 |  4.0
Throwing       | 3 6 |  6.0

Action                   |  1- 3 |  4- 6 |  7- 9 | 10-12 || total
-------------------------+-------+-------+-------+-------++-------
Melee: Long sword        |    46 |   200 |   466 |   604 ||  1316
       Kick              |    16 |    71 |   176 |   361 ||   624
       Peck              |     8 |    39 |   105 |   204 ||   356
       Dagger            |       |       |    10 |       ||    10
       Double sword      |       |       |       |   206 ||   206
Throw: Dart              |       |       |       |    16 ||    16
Invok: Heroism           |       |       |       |     7 ||     7
       Finesse           |       |       |       |     1 ||     1
 Abil: Fly               |       |     1 |       |       ||     1
Evoke: Wand              |       |       |     3 |    14 ||    17
  Use: Scroll            |       |       |     9 |    18 ||    27
       Potion            |       |       |       |     3 ||     3
 Stab: Paralysed         |       |       |     6 |     5 ||    11
       Distracted        |       |       |       |     1 ||     1
  Eat: Chunk             |     1 |     7 |     7 |    15 ||    30
       Ration            |       |       |     1 |     1 ||     2
Armor: Leather armour    |     6 |       |       |       ||     6
       Ring mail         |     6 |    42 |       |       ||    48
       Gold dragon scale |       |    20 |   397 |   513 ||   930
Dodge: Dodged            |    32 |   130 |    49 |   162 ||   373
Block: Buckler           |       |       |   125 |   203 ||   328
       Rpst.: Long sword |     9 |    37 |    15 |    26 ||    87
       Double sword      |       |       |       |    11 ||    11
